 Dungeon Crawl Stone Soup version 0.27.0-1-g7a089689b8 (webtiles) character file.

Game seed: 1688181278188359736

1097 hawla the Purveyor of Pain (level 8, -3/66 HPs)
             Began as a Deep Elf Necromancer on Aug 5, 2021.
             Was an Initiate of Kikubaaqudgha.
             Slain by a hornet zombie (6 damage)
             ... on level 5 of the Dungeon.
             The game lasted 00:25:41 (8400 turns).

hawla the Purveyor of Pain (Deep Elf Necromancer)   Turns: 8400, Time: 00:25:41

Health: -3/66      AC: 24    Str:  5      XL:     8   Next: 10%
Magic:  18/18      EV:  2    Int: 23      God:    Kikubaaqudgha [......]
Gold:   230        SH:  0    Dex: 14 (15) Spells: 10/18 levels left

rFire    . . .     SeeInvis .   q - staff of conjuration
rCold    . . .     Faith    .   (no shield)
rNeg     + + +     Spirit   .   (armour currently unavailable)
rPois    +         Reflect  .   (helmet currently unavailable)
rElec    .         Harm     .   (cloak currently unavailable)
rCorr    .         Rampage  .   (gloves currently unavailable)
Will     .....     NoTele   +   (boots currently unavailable)
Stlth    +++.......             (no amulet)
HPRegen  0.21/turn              (no ring)
MPRegen  0.16/turn              (no ring)

@: tree-form (expiring)
A: stationary, stasis, torment immunity, boosted hp, (hooves 1), deterioration
1, (poison resistance), wild magic 1
a: Renounce Religion


You were on level 5 of the Dungeon.
You worshipped Kikubaaqudgha.
Kikubaaqudgha was noncommittal.
You were a tree.
You visited 1 branch of the dungeon, and saw 6 of its levels.
You also visited: Sewer.

You collected 230 gold pieces.

Inventory:

Hand Weapons
 b - a +2 dagger
Missiles
 g - 4 poisoned darts
Armour
 a - a +1 robe (melded)
 k - a +0 helmet (melded)
 p - a +0 cloak (melded)
Magical Staves
 q - a staff of conjuration (weapon)
Wands
 e - a wand of digging (3)
Scrolls
 c - a scroll of amnesia
 h - a scroll of magic mapping
 l - a scroll of fog
 n - 2 scrolls of identify
Potions
 d - 4 potions of flight


   Skills:
 + Level 1.9 Fighting
 + Level 3.3 Short Blades
 + Level 5.0 Dodging
 + Level 4.5 Stealth
 + Level 5.9 Spellcasting
 + Level 8.2 Necromancy
 + Level 1.0 Evocations


You had 10 spell levels left.
You knew the following spells:

 Your Spells              Type           Power      Damage    Failure   Level
a - Pain                  Necr           100%       1d9       1%          1
b - Vampiric Draining     Necr           27%        2d9       1%          3
c - Animate Dead          Necr           27%        N/A       5%          4

Your spell library contained the following spells:

 Spells                   Type           Power      Damage    Failure   Level
 Animate Skeleton         Necr           100%       N/A       1%          1
 Foxfire                  Conj/Fire      52%        2x1d6     13%         1
 Sting                    Tmut/Pois      32%        1d4       13%         1
 Agony                    Necr           55%        N/A       13%         5
 Poisonous Vapours        Pois/Air       16%        N/A       19%         2
 Conjure Flame            Conj/Fire      13%        6-21      34%         3
 Inner Flame              Hex/Fire       8%         N/A       34%         3
 Olgreb's Toxic Radiance  Pois           8%         N/A       73%         4
 Fireball                 Conj/Fire      6%         3d5       96%         5
 Lee's Rapid Deconstruct  Erth           4%         3d6*      96%         5
 Iron Shot                Conj/Erth      6%         9d2       100%        6


Dungeon Overview and Level Annotations

Branches:
Dungeon (6/15)              Sewer (visited)
 Temple: D:4-7

Altars:
Kikubaaqudgha
Qazlal

Shops:
D:4 *


Innate Abilities, Weirdness & Mutations

You are a tree.
Your roots penetrate the ground, keeping you stationary.
You cannot be teleported.
You are immune to unholy pain and torment.
Your maximum health is greatly increased.
Your equipment is partially melded.
((You have large cloven feet.))
Your body sometimes deteriorates upon taking damage.
((Your system is resistant to poisons. (rPois)))
Your spells are a little harder to cast, but a little more powerful.


Message History

* * * LOW HITPOINT WARNING * * *
q - a staff of conjuration (weapon)
The hornet zombie hits you but does no damage.
You hit the hornet zombie but do no damage.
The hornet zombie is heavily damaged.
The hornet zombie barely misses you.
You closely miss the hornet zombie.
The hornet zombie is heavily damaged.
Your transformation is almost over.
The hornet zombie hits you but does no damage. x2
You hit the hornet zombie but do no damage.
The hornet zombie is heavily damaged.
The hornet zombie hits you.
* * * LOW HITPOINT WARNING * * *
The hornet zombie hits you.
* * * LOW HITPOINT WARNING * * *
You feel better.
The hornet zombie hits you but does no damage.
You hit the hornet zombie but do no damage.
The hornet zombie is heavily damaged.
The hornet zombie hits you but does no damage.
You closely miss the hornet zombie.
The hornet zombie is heavily damaged.
The hornet zombie hits you but does no damage.
The hornet zombie barely misses you.
You hit the hornet zombie but do no damage.
The hornet zombie is heavily damaged.
The hornet zombie hits you.
* * * LOW HITPOINT WARNING * * *
The hornet zombie hits you but does no damage.
You closely miss the hornet zombie.
The hornet zombie is heavily damaged.
The hornet zombie hits you.
* * * LOW HITPOINT WARNING * * *
You barely miss the hornet zombie.
The hornet zombie is heavily damaged.
The hornet zombie hits you but does no damage.
The hornet zombie hits you.
You die...
Kikubaaqudgha rasps: "You have failed me!
Welcome... death!"

#.# #. #.# #.# #.
#.# #.# #..... #.#
##!##.#.######.
#..
...............
### #.####.#######
#.............
######Z#######
################♣#
.................#
##################
......#...
......#..#
#...###..#
#...#E#..#
#...###..#
.........# ###


You could see a hornet zombie.

Vanquished Creatures
  A water moccasin (D:6)
  A sky beast (D:6)
  A necrophage (D:6)
  A centaur (D:4)
  2 scorpions (D:5)
  A water moccasin skeleton (D:5)
  A howler monkey (D:5)
  2 hounds
  A centaur zombie (D:5)
  A bullfrog skeleton (D:5)
  Jessica (D:2)
  An iguana (D:5)
  5 orc wizards
  6 adders
  8 worms
  A dart slug (D:3)
  12 orcs
  5 ball pythons
  4 bat zombies (D:5)
  10 endoplasms
  2 giant cockroaches
  8 hobgoblins
  4 jackals (Sewer)
  12 kobolds
  10 quokkas
  10 bats
  7 frilled lizards
  7 goblins
  4 rats
  A rat zombie (D:5)
130 creatures vanquished.

Vanquished Creatures (collateral kills)
  An ogre (D:6)
  A hound (D:6)
  An adder (D:3)
  A worm (D:3)
  2 orcs
  A hobgoblin (D:3)
  A quokka (D:3)
8 creatures vanquished.

Grand Total: 138 creatures vanquished

Notes
Turn   | Place    | Note
-------+----------+-------------------------------------------
     0 | D:1      | hawla the Deep Elf Necromancer began the quest for the Orb.
     0 | D:1      | Reached XP level 1. HP: 10/10 MP: 6/6
   483 | D:1      | Reached XP level 2. HP: 12/15 MP: 5/8
   677 | D:1      | Reached skill level 5 in Necromancy
  1262 | D:1      | Reached skill level 1 in Short Blades
  1391 | D:1      | Reached XP level 3. HP: 13/20 MP: 5/9
  1519 | D:1      | Reached skill level 1 in Fighting
  1977 | D:2      | Learned a level 3 spell: Vampiric Draining
  2014 | D:2      | Noticed Jessica
  2423 | D:2      | Killed Jessica
  2424 | D:2      | Reached XP level 4. HP: 12/25 MP: 1/10
  2629 | D:2      | You fall into a shaft and drop 2 floors!
  2940 | D:3      | Found a glowing drain.
  2957 | Sewer    | Entered a sewer
  2972 | Sewer    | Learned a level 4 spell: Animate Dead
  3836 | Sewer    | Reached XP level 5. HP: 11/29 MP: 1/11
  4877 | D:3      | Got the Guide on Clay and the Arsonist
  5171 | D:3      | Reached skill level 6 in Necromancy
  5392 | D:4      | Noticed a centaur
  5397 | D:4      | Killed a centaur
  5398 | D:4      | Reached skill level 1 in Evocations
  5398 | D:4      | Reached XP level 6. HP: 34/34 MP: 12/12
  5568 | D:4      | Found Weiqi's General Store.
  5727 | D:4      | You fall into a shaft and drop 2 floors!
  5727 | D:6      | Noticed a water moccasin
  5728 | D:6      | Noticed a steam dragon
  5732 | D:6      | Killed a water moccasin
  6172 | D:6      | Reached skill level 7 in Necromancy
  6231 | D:6      | Reached XP level 7. HP: 28/38 MP: 1/14
  6729 | D:5      | Entered Level 5 of the Dungeon
  7467 | D:5      | Reached skill level 5 in Spellcasting
  7468 | D:5      | Gained mutation: You have a pair of small antennae on your
                  | head. [potion of mutation]
  7468 | D:5      | Gained mutation: You sometimes lose the ability to read
                  | scrolls when taking damage. [potion of mutation]
  7469 | D:5      | Lost mutation: You sometimes lose the ability to read
                  | scrolls when taking damage. [potion of mutation]
  7469 | D:5      | Lost mutation: You have a pair of small antennae on your
                  | head. [potion of mutation]
  7469 | D:5      | Gained mutation: Your system is resistant to poisons.
                  | (rPois) [potion of mutation]
  7469 | D:5      | Gained mutation: Your spells are a little harder to cast,
                  | but a little more powerful. [potion of mutation]
  7469 | D:5      | Gained mutation: Your body sometimes deteriorates upon
                  | taking damage. [potion of mutation]
  7469 | D:5      | Gained mutation: You have large cloven feet. [potion of
                  | mutation]
  7708 | D:5      | Reached skill level 8 in Necromancy
  7791 | D:5      | Reached XP level 8. HP: 38/44 MP: 18/18
  8137 | D:4      | Reached skill level 5 in Dodging
  8244 | D:5      | Found an ancient bone altar of Kikubaaqudgha.
  8267 | D:5      | Became a worshipper of Kikubaaqudgha
  8299 | D:5      | Noticed an air elemental
  8301 | D:5      | Found a stormy altar of Qazlal.
  8394 | D:5      | HP: 3/66 [hornet zombie (2)]
  8399 | D:5      | HP: 3/66 [hornet zombie (5)]
  8400 | D:5      | Slain by a hornet zombie

Illustrated notes

Levels and vault maps discovered:
D:1:      dpeg_arrival_windows_large_door, layout_loops_corners,
          kennysheep_boxes
D:2:      layout_loops_cross, chequers_ecumenical_altar_simple_redux,
          minivault_11, minmay_door_square, minmay_hexomino_f4, uniq_jessica
D:3:      layout_rooms, gup_sewer_entry_bowl, st_stairs_4, minmay_checkerbox
D:4:      layout_gridville, serial_shops, nicolae_take_the_stairs
D:5:      layout_basic, lemuel_zombie_altar_kikubaaqudgha,
          nicolae_qazlal_style_of_elements
D:6:      layout_basic, mainiacjoe_overflow_24_doors, serial_shops, shop,
          kennysheep_opposing_triangles, uniq_blork_the_orc

Skill      XL: |  1  2  3  4  5  6  7  8 |
---------------+-------------------------+-----
Necromancy     | 5 6 7 8 |  8.2
Short Blades   | 1 2 3 |  3.3
Dodging        | 3 4 5 |  5.0
Stealth        | 3 4 |  4.5
Fighting       | 1 |  1.9
Evocations     | 1 |  1.0
Spellcasting   | 5 |  5.9

Action                   |  1- 3 |  4- 6 |  7- 9 || total
-------------------------+-------+-------+-------++-------
Melee: Dagger            |    13 |    87 |   155 ||   255
       Kick              |       |       |    13 ||    13
       Staff             |       |       |     8 ||     8
 Cast: Pain              |    63 |    85 |    34 ||   182
       Vampiric Draining |     2 |    17 |     8 ||    27
       Animate Dead      |       |     7 |     5 ||    12
Evoke: Wand              |       |     2 |       ||     2
  Use: Scroll            |     5 |     9 |     5 ||    19
       Potion            |       |     4 |     6 ||    10
 Stab: Sleeping          |       |     4 |     3 ||     7
Armor: Robe              |     4 |    24 |    60 ||    88
       Skin              |       |    19 |    32 ||    51
Dodge: Dodged            |    18 |    77 |   130 ||   225
